 Dungeon Crawl Stone Soup version 0.32-a0-38-gb04dd89b9b (webtiles) character file.

Game seed: 18380354696402101724

118777 seren the Thaumaturge (level 16, -6/165 HPs)
             Began as an Oni Air Elementalist on Jan 23, 2024.
             Was an Elder of Vehumet.
             Mangled by the 27-headed Lernaean hydra (10 damage)
             ... on level 4 of the Swamp.
             The game lasted 03:46:40 (45743 turns).

seren the Thaumaturge (Oni Air Elementalist)       Turns: 45743, Time: 03:46:41

Health: -6/165     AC: 14    Str: 16    XL:     16   Next: 77%
Magic:  14/32      EV: 11    Int: 22    God:    Vehumet [****..]
Gold:   1272       SH: 10    Dex:  9    Spells: 10/40 levels left

rFire   . . .        D - staff of alchemy
rCold   + + +        t - +0 kite shield
rNeg    . . .        C - +4 skin of Zhor {*Englaciate rC+++ SInv}
rPois   +            (helmet restricted)
rElec   .            w - +2 cloak {Will+}
rCorr   .            (gloves unavailable)
SInv    +            (boots unavailable)
Will    ++...        o - amulet of magic regeneration
Stlth   +++          k - ring of wizardry
HPRegen 0.47/turn    E - +4 ring of protection
MPRegen 0.63/turn

%: wizardry (x1)
@: very slightly contaminated, studying Axes
A: large, unfitting armour, horns 1, tough skin 1, double potion healing,
drunken brawling
a: Renounce Religion


You were on level 4 of the Swamp.
You worshipped Vehumet.
Vehumet was greatly pleased with you.
You visited 6 branches of the dungeon, and saw 28 of its levels.
You also visited: Volcano.

You collected 2402 gold pieces.
You spent 1130 gold pieces at shops.

Inventory:

Missiles
 d - 26 large rocks (quivered)
 B - 5 throwing nets {!f}
Armour
 t - a +0 kite shield (worn)
 w - a +2 cloak of willpower (worn)
 C - the +4 skin of Zhor (worn) {*Englaciate rC+++ SInv}
   (You found it on level 1 of the Lair of Beasts)

   *Englaciate: It radiates cold, occasionally slowing all nearby creatures who
   are not resistant to cold.
   rC+++:     It renders you almost immune to cold.
   SInv:      It lets you see invisible.
 L - a +2 robe of fire resistance
 X - a +2 robe of willpower
Magical Staves
 f - the staff of Uncertain Death {rF+ Will- Conj Alchemy}
   (You bought it in a shop on level 2 of the Orcish Mines)

   [staff of conjuration]

   Base accuracy: +5 Base damage: 5 Base attack delay: 1.2 This weapon's minimum
   attack delay (0.6) is reached at skill level 12.
   rF+:       It protects you from fire.
   Will-:     It decreases your willpower.
   Conj:      It increases the power of your Conjurations spells.
   Alchemy:   It increases the power of your Alchemy spells.
   It falls into the 'Staves' category.
   It is a one-handed weapon.
 q - a staff of earth
 D - a staff of alchemy (weapon)
 Q - a staff of fire
Jewellery
 k - a ring of wizardry (left hand)
 o - an amulet of magic regeneration (around neck)
 E - a +4 ring of protection (right hand)
 F - a +6 ring of intelligence
 G - a ring of resist corrosion
 W - an amulet of reflection
Wands
 l - a wand of roots (12)
 y - a wand of light (27)
 z - a wand of digging (9)
 H - a wand of mindburst (18)
 M - a wand of flame (20)
 V - a wand of paralysis (4)
Scrolls
 a - 3 scrolls of poison
 e - 2 scrolls of fear
 i - a scroll of amnesia
 r - 5 scrolls of teleportation {!r}
 v - a scroll of butterflies
 K - 4 scrolls of enchant armour
 O - a scroll of revelation
 P - a scroll of vulnerability
 U - a scroll of silence
 Y - 3 scrolls of blinking {!r}
Potions
 b - 2 potions of might
 c - 6 potions of enlightenment
 g - 10 potions of curing
 h - 4 potions of brilliance
 m - 4 potions of mutation {!q}
 n - 4 potions of lignification
 p - 5 potions of heal wounds
 s - 2 potions of haste
 u - 3 potions of resistance
 A - a potion of magic
 I - a potion of berserk rage
 J - 2 potions of attraction
 N - 5 potions of cancellation
 T - a potion of ambrosia
Miscellaneous
 j - a sack of spiders
 x - a phial of floods (inert)


   Skills:
 + Level 11.6 Fighting
 + Level 4.3 Throwing
 - Level 5.0 Armour
 - Level 10.0 Dodging
 - Level 5.0 Stealth
 + Level 10.8 Shields
 + Level 12.5 Spellcasting
 * Level 11.7 Conjurations
 - Level 9.0 Air Magic
 + Level 9.4 Earth Magic
 - Level 5.0 Evocations


You had 10 spell levels left.
You knew the following spells:

 Your Spells              Type           Power      Damage    Failure   Level
a - Shock                 Conj/Air       100%       1d9       1%          1
b - Static Discharge      Conj/Air       100%       3-8/arc   1%          2
c - Swiftness             Air            52%        N/A       1%          3
d - Airstrike             Air            26%        2d(4-20)  1%          4
e - Brom's Barrelling Bo  Conj/Erth      57%        2d7       1%          4
f - Bombard               Conj/Erth      28%        9d5       2%          6
o - Orb of Destruction    Conj           30%        9d10      7%          7
p - Passwall              Erth           53%        N/A       1%          3

Your spell library contained the following spells:

 Spells                   Type           Power      Damage    Failure   Level
 Arcjolt                  Conj/Air       28%        1d38      1%          5
 Freeze                   Ice            52%        1d6       1%          1
 Magic Dart               Conj           100%       1d8       1%          1
 Sandblast                Erth           100%       2d20      1%          1
 Searing Ray              Conj           100%       2d8       1%          2
 Hailstorm                Conj/Ice       39%        3d9       1%          3
 Stone Arrow              Conj/Erth      100%       3d13      1%          3
 Fulminant Prism          Conj/Alch      28%        3d14      1%          4
 Iskenderun's Battlesphe  Conj           60%        2d11      1%          5
 Fireball                 Conj/Fire      19%        3d9       2%          5
 Conjure Ball Lightning   Conj/Air       28%        3x3d8     2%          6
 Frozen Ramparts          Ice            26%        1d4       3%          3
 Slow                     Hex            52%        N/A       4%          1
 Ensorcelled Hibernation  Hex/Ice        26%        N/A       6%          2
 Lesser Beckoning         Tloc           26%        N/A       6%          2
 Vhi's Electric Charge    Tloc/Air       66%        N/A       6%          4
 Gell's Gravitas          Tloc           13%        N/A       12%         3
 Teleport Other           Tloc           13%        N/A       12%         3
 Martyr's Knell           Necr/Summ      13%        N/A       34%         4
 Spellforged Servitor     Conj/Summ      19%        N/A       50%         7
 Summon Mana Viper        Hex/Summ       13%        N/A       69%         5
 Chain Lightning          Conj/Air       28%        3d37      99%         9
 Dragon's Call            Summ           6%         N/A       100%        9


Dungeon Overview and Level Annotations

Branches:
Dungeon (15/15)            Temple (1/1) D:7            Lair (5/5) D:9
  Swamp (4/4) Lair:3        Snake (1/4) Lair:3        Slime (0/5) Lair:5
    Orc (2/2) D:10            Elf (0/3) Orc:2        Vaults (0/5) D:13
 Depths (0/4) D:15        Volcano (visited)

Altars:
Ashenzari
Cheibriados
Dithmenos
Elyvilon
Fedhas
Gozag
Hepliaklqana
Kikubaaqudgha
Makhleb
Nemelex Xobeh
Okawaru
Qazlal
Ru
Sif Muna
Trog
Uskayaw
Vehumet
Wu Jian
Xom
Yredelemnul
Zin
The Shining One
Jiyva

Shops:
D:10 *   Orc:2 *!(?

Annotations:
D:6 exclusion: downstairs
D:13 2 transporters
Swamp:4 Lernaean hydra
Snake:1 Aizul


Innate Abilities, Weirdness & Mutations

You are too large for most types of armour.
You have a pair of small horns on your head.
You have tough skin. (AC +1)
You gain doubled healing and magic from potions.
Whenever you drink a healing potion, you attack all around you.


Message History

Confirm with . or Enter, or press ? or * to list all spells.
Aiming: Orb of Destruction (dangerous; 7% risk of failure)
Press: ? - help, Shift-Dir - straight line, f/p - 27-headed Lernaean hydra
Aim: the 27-headed Lernaean hydra (severely wounded)
The wavering orb of destruction weakly hits the 27-headed Lernaean hydra!!
The 27-headed Lernaean hydra is almost dead.
You block the 27-headed Lernaean hydra's attack.
The 27-headed Lernaean hydra bites you but does no damage.
The 27-headed Lernaean hydra bites you!
* * * LOW HITPOINT WARNING * * *
You block the 27-headed Lernaean hydra's attack.
The 27-headed Lernaean hydra bites you but does no damage.
The 27-headed Lernaean hydra bites you.
* * * LOW HITPOINT WARNING * * *
The 27-headed Lernaean hydra bites you!
* * * LOW HITPOINT WARNING * * *
You block the 27-headed Lernaean hydra's attack.
The 27-headed Lernaean hydra bites you!
* * * LOW HITPOINT WARNING * * *
The 27-headed Lernaean hydra bites you.
* * * LOW HITPOINT WARNING * * *
The 27-headed Lernaean hydra bites you.
* * * LOW HITPOINT WARNING * * *
The 27-headed Lernaean hydra bites you but does no damage.
The 27-headed Lernaean hydra closely misses you.
The 27-headed Lernaean hydra bites you.
* * * LOW HITPOINT WARNING * * *
The 27-headed Lernaean hydra bites you!
* * * LOW HITPOINT WARNING * * *
The 27-headed Lernaean hydra barely misses you.
The 27-headed Lernaean hydra bites you!
* * * LOW HITPOINT WARNING * * *
The 27-headed Lernaean hydra barely misses you.
The 27-headed Lernaean hydra bites you!
* * * LOW HITPOINT WARNING * * *
The 27-headed Lernaean hydra completely misses you.
The 27-headed Lernaean hydra bites you!
* * * LOW HITPOINT WARNING * * *
The 27-headed Lernaean hydra bites you!
You die...

♣♣♣♣♣♣♣♣ ♣♣♣♣♣
♣♣♣♣♣♣♣♣~♣♣~.~♣♣♣.<~♣♣
♣§♣..~♣~~..~~~.♣§~~~.♣
♣♣.~~~~♣~~~.~~§.♣.~~~~~
♣.~~~§~.~~~....♣♣♣♣♣♣~♣
♣♣.~~~~~♣~~~..~.♣♣♣♣♣~..
♣..~~~~.♣~~~....♣♣~♣♣♣~~
♣..~~~°@♣♣♣~~.~.~♣..~♣~~
♣~~~~°D.~♣♣♣♣.~~~.♣~~~~~
♣♣§~~~~~...♣♣♣.....♣~..~~
♣.~~§~°~~~~♣♣.~~~♣♣♣♣~~~.
♣♣♣.~~~÷○<~~~.♣~~~~♣
♣~§~.
♣♣~..~§~.♣♣~~~♣♣.~.♣♣
♣~~~.
♣.~~~~~~.~♣~§~♣♣♣♣♣♣
♣~.~~ ♣.§~~~~~.....~♣
♣~<~~
♣.~~~~~~[~~~.~♣♣♣♣♣♣
♣♣♣♣♣


You could see the 27-headed Lernaean hydra.

Vanquished Creatures
  Nikola (Swamp:2)
  A fenstrider witch (Swamp:1)
  4 eleionomae
  A fire dragon (Volcano)
  Josephine (D:10)
  Harold (Orc:1)
  3 ghost crabs
  10 hydras
  An ogre mage (D:10)
  2 anacondas (Snake:1)
  A vault guard (D:13)
  7 centaur warriors
  2 boulder beetles
  A dancing weapon (D:12)
  13 alligators
  9 two-headed ogres
  A tengu warrior (D:14)
  A naga warrior (Snake:1)
  A shock serpent (Snake:1)
  3 orc high priests (Orc:2)
  2 skysharks (Lair:4)
  4 skeletal warriors
  5 swamp dragons
  2 goliath frogs
  3 mana vipers (Snake:1)
  2 spriggan druids
  A naga ritualist (Snake:1)
  6 bog bodies
  4 orc knights
  2 ugly things
  7 cyclopes
  4 orc sorcerers (Orc:2)
  4 will-o-the-wisps
  A guardian serpent (Lair:3)
  2 salamanders (Volcano)
  5 manticores
  12 black mambas
  4 naga magi (Snake:1)
  2 kobold blastminers (Orc:2)
  2 torpor snails
  12 cane toads
  A kobold demonologist (D:10)
  A tengu conjurer (D:14)
  4 rime drakes
  19 komodo dragons
  5 trolls
  A bloated husk (Swamp:3)
  3 hornets
  7 tyrant leeches
  Prince Ribbit (D:7)
  23 blink frogs
  2 dream sheep (Lair:2)
  12 slime creatures
  3 spriggans
  7 fire bats (Volcano)
  3 shadows
  5 wraiths
  13 wyverns
  A vampire (D:10)
  A spriggan (shapeshifter) (D:15)
  49 yaks
  9 basilisks
  4 steam dragons (Volcano)
  13 vampire mosquitoes
  3 nagas (Snake:1)
  10 swamp worms
  4 acid dragons
  14 water moccasins
  2 swamp drakes
  14 orc warriors
  A swamp drake (shapeshifter) (D:9)
  A black bear (Lair:1)
  2 ice beasts
  15 centaurs
  3 ogres
  9 wolves (Lair:3)
  A phantom (D:5)
  2 kobold brigands
  18 bullfrogs
  3 gnoll sergeants
  3 scorpions
  16 wights
  15 killer bees
  4 electric eels
  5 howler monkeys
  A vampire bat (D:7)
  A lava snake (D:12)
  4 bombardier beetles
  5 hounds
  2 jellies (D:5)
  14 orc priests
  Jessica (D:2)
  3 iguanas
  20 orc wizards
  4 adders
  15 gnolls
  3 shadow imps
  A white imp (D:6)
  5 ufetubi
  3 ribbon worms
  4 dart slugs
  45 orcs
  9 ball pythons
  6 bats
  5 bat skeletons (D:7)
  A bat zombie (D:7)
  11 endoplasms
  3 giant cockroaches
  7 goblins
  5 hobgoblins
  3 jackals (D:1)
  3 quokkas
  2 frilled lizards
  13 kobolds
  6 rats
687 creatures vanquished.

Vanquished Creatures (collateral kills)
  A salamander (Volcano)
  A komodo dragon (Volcano)
  A wyvern (Volcano)
  72 boulders
75 creatures vanquished.

Vanquished Creatures (others)
  A fenstrider witch (Swamp:4)
  96 boulders
  14 foxfires
111 creatures vanquished.

Grand Total: 873 creatures vanquished

Notes
Turn   | Place    | Note
-------+----------+-------------------------------------------
     0 | D:1      | seren the Oni Air Elementalist began the quest for the Orb.
     0 | D:1      | Reached XP level 1. HP: 16/16 MP: 3/3
     1 | D:1      | You fall into a shaft and drop 1 floor!
   131 | D:2      | Reached skill level 1 in Conjurations
   277 | D:1      | Reached XP level 2. HP: 24/24 MP: 2/5
   861 | D:1      | Learned a level 2 spell: Static Discharge
   900 | D:1      | Reached XP level 3. HP: 31/31 MP: 2/7
  1134 | D:1      | Found a faded altar of an unknown god.
  1615 | D:2      | Noticed Jessica
  1871 | D:2      | Reached XP level 4. HP: 39/39 MP: 0/8
  2127 | D:2      | Killed Jessica
  2128 | D:2      | Reached skill level 3 in Spellcasting
  2739 | D:3      | Found a stormy altar of Qazlal.
  2739 | D:3      | Found a radiant altar of Vehumet.
  2747 | D:3      | Became a worshipper of Vehumet
  2824 | D:3      | Reached XP level 5. HP: 45/45 MP: 2/9
  2872 | D:3      | Learned a level 3 spell: Swiftness
  3701 | D:4      | Reached XP level 6. HP: 53/53 MP: 6/11
  3869 | D:4      | Learned a level 4 spell: Airstrike
  4303 | D:4      | Found a sacrificial altar of Ru.
  4544 | D:5      | Entered Level 5 of the Dungeon
  4549 | D:5      | Reached skill level 1 in Fighting
  4697 | D:5      | Reached XP level 7. HP: 59/62 MP: 6/12
  4743 | D:5      | Found a burning altar of Makhleb.
  4765 | D:5      | Reached skill level 1 in Shields
  4799 | D:5      | Reached skill level 4 in Spellcasting
  4901 | D:5      | Found a glowing silver altar of Zin.
  4964 | D:5      | Found a snail-covered altar of Cheibriados.
  5004 | D:5      | Found a shadowy altar of Dithmenos.
  5108 | D:5      | Reached * piety under Vehumet
  5108 | D:5      | Offered knowledge of Foxfire by Vehumet.
  5371 | D:5      | Reached XP level 8. HP: 74/74 MP: 10/14
  5377 | D:5      | Reached skill level 5 in Air Magic
  6148 | D:6      | Found a hazy altar of Hepliaklqana.
  7168 | D:7      | Noticed Prince Ribbit
  7190 | D:7      | Killed Prince Ribbit
  7225 | D:7      | Found a shimmering blue altar of Sif Muna.
  7337 | D:7      | Reached XP level 9. HP: 77/84 MP: 10/16
  7338 | D:7      | Reached skill level 5 in Spellcasting
  7379 | D:7      | Found a staircase to the Ecumenical Temple.
  7396 | Temple   | Entered the Ecumenical Temple
  7415 | D:7      | Found a basalt altar of Yredelemnul.
  7847 | D:7      | Reached skill level 1 in Earth Magic
  8556 | D:7      | Reached ** piety under Vehumet
  8556 | D:7      | Offered knowledge of Mercury Vapours by Vehumet.
  8590 | D:7      | Reached skill level 5 in Fighting
  8617 | D:7      | Found an ancient bone altar of Kikubaaqudgha.
  9151 | D:8      | Reached skill level 5 in Conjurations
  9326 | D:8      | Reached skill level 6 in Spellcasting
  9567 | D:9      | Reached skill level 5 in Dodging
  9567 | D:9      | Reached XP level 10. HP: 96/96 MP: 15/19
  9650 | D:9      | Reached skill level 1 in Armour
  9664 | D:9      | Found the amulet of Elemental Vulnerability {rPois rF--
                  | rC-- AC+8}
  9844 | D:9      | Offered knowledge of Volatile Blastmotes by Vehumet.
 10172 | D:9      | Reached *** piety under Vehumet
 10451 | D:9      | Found a staircase to the Lair.
 10498 | D:9      | Noticed a two-headed ogre
 10997 | D:9      | Killed a two-headed ogre
 11467 | D:9      | Found an ornate altar of the Wu Jian Council.
 11519 | D:10     | Entered Level 10 of the Dungeon
 11906 | D:10     | Reached skill level 5 in Shields
 11957 | D:9      | Reached skill level 7 in Spellcasting
 12211 | D:9      | Reached XP level 11. HP: 75/105 MP: 13/21
 12300 | D:10     | Noticed a two-headed ogre
 12402 | Lair:1   | Entered Level 1 of the Lair of Beasts
 12570 | D:10     | Offered knowledge of Olgreb's Toxic Radiance by Vehumet.
 12571 | D:10     | Reached skill level 1 in Evocations
 12782 | D:10     | Found Opnaiw's Assorted Antiques.
 12787 | D:10     | Bought a scroll of teleportation for 93 gold pieces
 12787 | D:10     | Bought a scroll of teleportation for 93 gold pieces
 12787 | D:10     | Bought a potion of curing for 93 gold pieces
 12787 | D:10     | Bought a scroll of identify for 62 gold pieces
 12787 | D:10     | Bought a scroll of identify for 62 gold pieces
 12957 | D:10     | Learned a level 4 spell: Brom's Barrelling Boulder
 13402 | Lair:1   | Found the +4 skin of Zhor {*Englaciate rC+++ SInv}
 13624 | Lair:1   | HP: 5/107 [poisoned by a cane toad]
 15078 | Lair:1   | Reached skill level 8 in Spellcasting
 15258 | Lair:1   | Reached XP level 12. HP: 97/118 MP: 18/24
 15541 | Lair:1   | Reached **** piety under Vehumet
 15940 | Lair:2   | Reached skill level 5 in Stealth
 16115 | Lair:2   | Offered knowledge of Flame Wave by Vehumet.
 16683 | Lair:2   | You fall into a shaft and drop 1 floor!
 16887 | Lair:3   | Identified the +5 dagger "Faog" {venom, Dex+2}
 17154 | Lair:2   | Identified the ring of Tulips {Fire rPois Str-2 Int+8
                  | Dex-4}
 18040 | Lair:3   | Identified the +4 ring mail of the Sacrificial Victim
                  | {rPois Str+3}
 18280 | Lair:3   | Found a staircase to the Swamp.
 18305 | Lair:3   | Reached ***** piety under Vehumet
 18306 | Lair:3   | Reached XP level 13. HP: 127/130 MP: 19/25
 18330 | Lair:3   | Offered knowledge of Plasma Beam by Vehumet.
 18368 | Lair:3   | Reached skill level 9 in Spellcasting
 18470 | Lair:3   | Found a staircase to the Snake Pit.
 18523 | Lair:3   | Found a bloodstained altar of Trog.
 19113 | Lair:2   | Learned a level 6 spell: Bombard
 21058 | Lair:5   | Entered Level 5 of the Lair of Beasts
 21430 | Lair:4   | Reached skill level 5 in Armour
 22677 | D:10     | Noticed Josephine
 22682 | D:10     | Killed Josephine
 22683 | D:10     | Reached skill level 10 in Fighting
 22830 | D:10     | Reached skill level 5 in Earth Magic
 23292 | D:10     | Found an opulent altar of Gozag.
 23319 | D:10     | Found a staircase to the Orcish Mines.
 23341 | D:10     | Reached XP level 14. HP: 123/143 MP: 27/27
 23520 | D:10     | Got Uhaskaxt's Papyrus of Charming Apparitions
 24343 | D:11     | Found the +2 ratskin cloak {*Rats rPois rN+ Str-1 Int-1
                  | Dex+1}
 24386 | D:11     | Reached skill level 10 in Spellcasting
 25327 | D:12     | Offered knowledge of Sticky Flame by Vehumet.
 26406 | Orc:1    | Entered Level 1 of the Orcish Mines
 26753 | Orc:2    | Entered Level 2 of the Orcish Mines
 26875 | Orc:2    | Found a dark tunnel.
 26905 | Volcano  | Entered a volcano
 28077 | Volcano  | Identified the +2 pair of boots of the Evening {Will++}
 28312 | Orc:1    | Noticed Harold
 28392 | Orc:1    | Offered knowledge of Starburst by Vehumet.
 28475 | Orc:2    | Found a staircase to the Elven Halls.
 29294 | D:13     | Found a transporter.
 29301 | D:13     | Found a transporter.
 31654 | Orc:2    | Reached XP level 15. HP: 149/149 MP: 9/29
 32033 | Orc:2    | Found Fehyl's Magic Scroll Emporium.
 32033 | Orc:2    | Found Ukaemerph's Weapon Emporium.
 32242 | Orc:2    | Found Aroafug's Distillery.
 32242 | Orc:2    | Found Radarom's Assorted Antiques.
 32260 | Orc:2    | Bought a potion of heal wounds for 75 gold pieces
 32260 | Orc:2    | Bought a potion of curing for 45 gold pieces
 32262 | Orc:2    | Bought a scroll of fear for 68 gold pieces
 32273 | Orc:2    | Bought a steaming staff for 425 gold pieces
 32273 | Orc:2    | Identified the staff of Uncertain Death {rF+ Will- Conj
                  | Alchemy} (You bought it in a shop on level 2 of the Orcish
                  | Mines)
 32423 | D:10     | Bought a runed robe for 114 gold pieces
 32776 | D:13     | Found a transporter.
 33270 | D:13     | Found a gate to the Vaults.
 33292 | D:13     | Reached skill level 11 in Spellcasting
 33401 | D:13     | Found a transporter.
 33805 | D:12     | Reached skill level 10 in Conjurations
 34609 | D:15     | Entered Level 15 of the Dungeon
 35450 | D:15     | Found a staircase to the Depths.
 35628 | Lair:2   | Reached skill level 10 in Shields
 35802 | Swamp:1  | Entered Level 1 of the Swamp
 35963 | Swamp:1  | Reached skill level 10 in Dodging
 36619 | Orc:1    | Killed Harold
 37872 | Swamp:1  | Noticed a fenstrider witch
 37873 | Swamp:1  | Paralysed by a fenstrider witch for 4 turns
 37878 | Swamp:1  | Paralysed by a fenstrider witch for 4 turns
 37909 | Swamp:1  | Reached skill level 1 in Throwing
 37991 | Swamp:1  | Paralysed by a fenstrider witch for 5 turns
 38168 | Swamp:1  | Killed a fenstrider witch
 38374 | Swamp:2  | Learned a level 7 spell: Orb of Destruction
 38420 | Swamp:2  | Noticed Nikola
 39138 | Snake:1  | Entered Level 1 of the Snake Pit
 39976 | Snake:1  | Offered knowledge of Arcjolt by Vehumet.
 39977 | Snake:1  | Reached XP level 16. HP: 150/161 MP: 17/31
 40380 | Snake:1  | Reached skill level 12 in Spellcasting
 40571 | Snake:1  | Identified the serpent talisman of Ugoehiw {Fly Will+++
                  | Dex-4 SInv}
 40571 | Snake:1  | Noticed Aizul
 42844 | Swamp:2  | Killed Nikola
 44118 | Swamp:3  | Reached skill level 5 in Evocations
 44167 | Swamp:3  | Learned a level 3 spell: Passwall
 44459 | Swamp:3  | Got Sif Muna's Tractate on Ill-starred Air
 45013 | Swamp:4  | Entered Level 4 of the Swamp
 45064 | Swamp:4  | Noticed a fenstrider witch
 45073 | Swamp:4  | Killed a fenstrider witch
 45726 | Swamp:4  | Noticed the 27-headed Lernaean hydra
 45743 | Swamp:4  | HP: 4/165 [the 27-headed Lernaean hydra (9)]
 45743 | Swamp:4  | Mangled by the 27-headed Lernaean hydra

Illustrated notes

Levels and vault maps discovered:
D:1:      sevenhm_arrival_forest_fort_small_4, layout_rooms,
          shapermc_ecumenical_altar_flowoftime
D:2:      layout_basic, serial_forest, infiniplex_forest_side_room,
          infiniplex_forest_clump_double, infiniplex_forest_end_double,
          infiniplex_forest_corner_2, infiniplex_forest_straight_2,
          infiniplex_forest_clump_curved, infiniplex_forest_clump_large,
          infiniplex_forest_end_3, infiniplex_forest_end_2, uniq_jessica
D:3:      layout_basic, gammafunk_temple_overflow_elements
D:4:      layout_loops_ring, nicolae_ru_sacrificial_ziggurat,
          corexii_item_surrounded_by_moat
D:5:      layout_basic, lemuel_tele_altar, lemuel_doored_altar, zin_scriptorium,
          cheibriados_altar_1, grunt_ministairs_5, st_stairs_2,
          reono_crystal_passage
D:6:      layout_layer_cave, mainiacjoe_overflow_small_starburst,
          serial_demonic, serial_demonic_g, serial_demonic_f, serial_demonic_c,
          serial_demonic_c
D:7:      layout_basic, kennysheep_vampire_church,
          mainiacjoe_overflow_surrounded_room, mainiacjoe_overflow_tiny_flanked,
          minmay_temple_entry_offerings, hangedman_glass_teeth, nicolae_sextant,
          centaur_isle, uniq_prince_ribbit1
D:8:      layout_loops_ring
D:9:      layout_long_grid, nicolae_wu_jian_immortal_techniques,
          david_lair_shrubbed, hive_lemuel
D:10:     minmay_the_grid_four_pointed_star
          [minmay_the_grid_triangle_9x9_stretched_checkered,
          minmay_the_grid_triangle_9x9_alien,
          minmay_the_grid_triangle_9x9_minimal,
          minmay_the_grid_triangle_9x9_empty,
          minmay_the_grid_prize_four_corners_diamond_a], layout_loops_ring,
          nicolae_gozag_cash_rules_everything_around_me, david_orc_2,
          serial_shops, nicolae_shop_back_alley_shop, kennysheep_pointless_box,
          dreamdust_princess_corridor, kennysheep_generic_room_15,
          uniq_josephine
D:11:     layout_irregular_city
D:12:     layout_layer_cave, kennysheep_generic_room_5
D:13:     layout_big_octagon, erik_vaults_1, nicolae_transporter_intersection
D:14:     layout_cave_pools, serial_column_ruins, column_ruins_hut_pillars,
          column_ruins_square_small, column_ruins_grid_1, column_ruins_grid_3,
          column_ruins_grid_1, column_ruins_columns_corner,
          column_ruins_corridor_straight, column_ruins_open_tiny,
          column_ruins_open_tiny, nicolae_twisting_strands
D:15:     grunt_enter_depths_giant_problem, layout_basic, serial_bayou_pond_c,
          serial_shops, nicolae_shop_window_shopping, uniq_jorgrun
Temple:   pf_slimified_temple
Lair:1:   layout_cellular_growth, hellmonk_guarded_unrand_zhor
Lair:2:   nzn_winding_woodlands_stair_trap [nzn_winding_woodlands_5x15_jagged,
          nzn_winding_woodlands_5x15_split_checker,
          nzn_winding_woodlands_5x15_default,
          nzn_winding_woodlands_15x15_five_gardens,
          nzn_winding_woodlands_5x15_river_crossing,
          nzn_winding_woodlands_5x15_twine,
          nzn_winding_woodlands_5x15_pathside_ponds], layout_cellular_growth,
          st_stairs_12
Lair:3:   layout_misc_corridors, minmay_swamp_entry_swarm,
          minmay_snake_entry_spellcaster, basic_altar, pdpol_lair_cavern_descent
Lair:4:   beargit_carnivore_pack, layout_hall_layers, beast_lair_carwin_11
Lair:5:   gammafunk_lair_ancient_temple, layout_cave_pods,
          dpeg_slime_entry_enclosed, tgw_fedhas
Swamp:1:  layout_basic_swamp, evilmike_swamp_ruin_wall,
          infiniplex_staircase_pool_2, nicolae_swamp_long_stream
Swamp:2:  layout_falls_marsh, nicolae_swamp_round_clearing,
          nicolae_swamp_decorative_isthmus, uniq_nikola
Swamp:3:  layout_basic_swamp, hangedman_swamp_ruin_wall, swamp_pool_1_2
Swamp:4:  grunt_swamp_rune_castle, layout_basic_swamp, swamp_pool_1_2,
          nicolae_swamp_treefoil
Snake:1:  nicolae_snakescales, layout_gridlike,
          portal_ice_cave_entry_ice_statue_one, uniq_aizul
Orc:1:    layout_diamond_mine, uniq_harold
Orc:2:    st_orc_elflike, layout_caves, special_room,
          nicolae_volcano_entry_hallway

Skill      XL: |  1  2  3  4  5  6  7  8  9 10 11 12 13 14 15 16 |
---------------+-------------------------------------------------+-----
Conjurations   | 1 2 3 5 6 7 8 9 10 11 | 11.7
Dodging        | 2 3 4 5 6 7 8 9 10 | 10.0
Air Magic      | 3 4 5 6 7 8 9 |  9.0
Stealth        | 2 3 4 5 |  5.0
Spellcasting   | 3 4 6 7 8 9 10 11 12 | 12.5
Fighting       | 1 2 4 5 7 8 10 11 | 11.6
Shields        | 1 2 3 5 6 8 9 10 | 10.8
Earth Magic    | 2 3 5 7 8 9 |  9.4
Armour         | 2 3 4 5 |  5.0
Evocations     | 1 2 4 5 |  5.0
Throwing       | 2 4 |  4.3

Action                     |  1- 3 |  4- 6 |  7- 9 | 10-12 | 13-15 | 16-18 || total
---------------------------+-------+-------+-------+-------+-------+-------++-------
  Melee: Hand axe          |     3 |       |       |       |       |       ||     3
         Headbutt          |       |       |       |    20 |     5 |     2 ||    27
         Rapier            |       |       |       |    37 |       |       ||    37
         Staff             |       |       |       |    10 |    14 |     3 ||    27
  Throw: Large rock        |       |       |       |       |    38 |     7 ||    45
   Cast: Shock             |    79 |   130 |   185 |   328 |   397 |       ||  1119
         Static Discharge  |       |    14 |    83 |   260 |   265 |     8 ||   630
         Airstrike         |       |       |    17 |    52 |   302 |   128 ||   499
         Swiftness         |       |       |       |     2 |     3 |       ||     5
         Brom's Barrelling |       |       |       |    12 |   194 |     7 ||   213
         Bombard           |       |       |       |       |    93 |    65 ||   158
         Orb of Destructio |       |       |       |       |       |    25 ||    25
         Passwall          |       |       |       |       |       |     1 ||     1
  Evoke: Wand              |       |       |       |     5 |     4 |     6 ||    15
         Sack of spiders   |       |       |       |       |     2 |       ||     2
         Phial of floods   |       |       |       |       |       |     1 ||     1
    Use: Scroll            |       |     2 |     7 |     9 |    18 |     5 ||    41
         Potion            |       |       |     1 |     4 |     4 |     3 ||    12
   Stab: Sleeping          |       |       |       |       |     1 |       ||     1
 Armour: Robe              |    54 |    25 |   194 |       |   139 |       ||   412
         Acid dragon scale |       |       |     1 |   282 |       |       ||   283
         Animal skin       |       |       |       |   240 |   624 |   186 ||  1050
  Dodge: Dodged            |    44 |     8 |    71 |   129 |   195 |    58 ||   505
  Block: Kite shield       |       |       |       |    46 |   288 |    53 ||   387
         Reflection        |       |       |       |       |    18 |     1 ||    19
         Other             |       |       |       |       |     1 |       ||     1

Table legend: (Time is in decaauts)
 A = Elapsed time spent in this place.
 B = Non-inter-level travel time spent in this place.
 C = Inter-level travel time spent in this place.
 D = Time resting spent in this place.
 E = Time spent auto-exploring this place.
 F = Levels seen in this place.
 G = Mean time per level.
                   A        B        C        D        E       F      G
               +--------+--------+--------+--------+--------+-----+--------+
         Total |  45983 |  41219 |   4764 |  14435 |  12112 |  29 | 1585.6 |
       Dungeon |  23240 |  20009 |   3231 |   5583 |   7581 |  15 | 1549.3 |
        Temple |      1 |      1 |      0 |      0 |      0 |   1 |    1.0 |
          Lair |  10386 |   9431 |    955 |   3654 |   2932 |   5 | 2077.2 |
         Swamp |   6402 |   5989 |    413 |   2876 |    786 |   4 | 1600.5 |
     Snake Pit |   1220 |   1203 |     17 |    273 |    249 |   1 | 1220.0 |
  Orcish Mines |   3458 |   3311 |    147 |   1502 |    564 |   2 | 1729.0 |
       Volcano |   1272 |   1272 |      0 |    547 |      0 |   1 | 1272.0 |
               +--------+--------+--------+--------+--------+-----+--------+

Top non-repeatable levels by time:
     D:9: 3536 daAuts
 Swamp:1: 3080 daAuts
    D:12: 2909 daAuts
  Lair:1: 2907 daAuts
  Lair:2: 2637 daAuts
  Lair:3: 2401 daAuts
    D:10: 2210 daAuts
     D:7: 1810 daAuts
 Swamp:2: 1798 daAuts
  Lair:4: 1742 daAuts
   Orc:1: 1737 daAuts
   Orc:2: 1721 daAuts
     D:2: 1656 daAuts
    D:11: 1591 daAuts
     D:4: 1295 daAuts
